 Dungeon Crawl Stone Soup version 0.26-a0-651-gb41185065b (webtiles) character file.

Game seed: 6629602599978365411

83 Irenicus the Chopper (level 4, -3/40 HPs)
             Began as a Deep Dwarf Berserker on Oct 1, 2020.
             Was a Believer of Trog.
             Slain by a gnoll (6 damage)
             ... on level 2 of the Dungeon.
             The game lasted 00:03:31 (735 turns).

Irenicus the Chopper (Deep Dwarf Berserker)          Turns: 735, Time: 00:03:31

Health: -3/40      AC:  2    Str: 20    XL:     4   Next: 22%
Magic:  4/4        EV: 12    Int:  8    God:    Trog [**....]
Gold:   68         SH:  0    Dex: 13    Spells: 3/3 levels left

rFire    . . .     SeeInvis .   a - +0 hand axe
rCold    . . .     Faith    .   (no shield)
rNeg     . . .     Spirit   .   b - +0 animal skin
rPois    .         Reflect  .   (no helmet)
rElec    .         Harm     .   (no cloak)
rCorr    .         Rampage  .   (no gloves)
MR       .....                  (no boots)
Stlth    +.........             (no amulet)
HPRegen  0.00/turn              (no ring)
MPRegen  0.09/turn              (no ring)

@: non-regenerating
A: damage resistance, heal wounds, sense surroundings 1, no regeneration
a: Heal Wounds, Berserk, Trog's Hand, Renounce Religion


You were on level 2 of the Dungeon.
You worshipped Trog.
Trog was pleased with you.
You visited 1 branch of the dungeon, and saw 2 of its levels.

You collected 68 gold pieces.

Inventory:

Hand Weapons
 a - a +0 hand axe (weapon)
Armour
 b - a +0 animal skin (worn)
 h - a +0 leather armour
   (You found it on level 1 of the Dungeon)
Scrolls
 c - 3 scrolls of identify {unknown}
 d - a scroll of amnesia {unknown}
 e - a scroll of remove curse {unknown}
 f - a scroll of enchant armour {unknown}
Potions
 g - a potion of heal wounds {unknown}
 i - 2 potions of lignification {unknown}


   Skills:
 - Level 2.6 Fighting
 + Level 5.6 Axes
 - Level 2.1 Armour
 - Level 2.1 Dodging


You had 3 spell levels left.
You didn't know any spells.
Your spell library was empty.

Dungeon Overview and Level Annotations

Branches:
Dungeon (2/15)

Altars:
Dithmenos
Elyvilon
Vehumet
Xom


Innate Abilities, Weirdness & Mutations

You are resistant to damage.
You can heal yourself by infusing magical energy.
You passively map a small area around you.
You do not regenerate.


Message History

You feel a strong urge to attack something.
You feel your anger nearly subside.
You are no longer berserk.
You are exhausted.
You feel yourself slow down.
You now have 17/33 hp.
There is a stone staircase leading up here.
You climb upwards.
There is a stone staircase leading down here.
A kobold comes into view.
The kobold shouts!
The kobold hits you.
You closely miss the kobold.
You feel yourself speed up. The kobold hits you.
You hit the kobold.
You kill the kobold!
Trog accepts your kill.
You have reached level 4!
You feel clever.
You regained 4 hp, and now have 21/40 hp.
MP restored: 4 You recover from your berserk rage.
You see here a leather armour.
h - a leather armour
i - a bubbling golden potion A dart slug comes into view.
You hit the dart slug.
The dart slug is lightly wounded.
The dart slug closely misses you.
You hit the dart slug.
The dart slug is heavily wounded.
You hit the dart slug but do no damage.
The dart slug is heavily wounded.
The dart slug bites you.
You take 2 damage, and have 19/40 hp.
You slash the dart slug!
You kill the dart slug!
Trog accepts your kill.
You aren't carrying any items that you can evoke.
A giant cockroach comes into view.
You closely miss the giant cockroach. The giant cockroach closely misses you.
You closely miss the giant cockroach. The giant cockroach closely misses you.
You hit the giant cockroach.
You kill the giant cockroach!
Trog accepts your kill.
You see here a giant cockroach corpse.
j - a scroll labeled VIFOCI ZAOTEH
As you read the scroll labeled VIFOCI ZAOTEH, it crumbles to dust.
You assume a fearsome visage.
Nothing appears to happen.
It was a scroll of fear.
There is a stone staircase leading down here.
You climb downwards.
The adder hisses angrily.
There is a stone staircase leading up here.
You open the door. You slash the adder!
The adder is heavily wounded.
The adder bites you.
You are poisoned.
The adder poisons you! The adder bites you.
You take 3 damage, and have 16/40 hp.
You closely miss the adder.
The adder is heavily wounded.
The adder barely misses you.
You slash the adder!
You kill the adder!
Trog accepts your kill.
There is an open door here.
You are no longer poisoned.
There is a stone staircase leading down here.
i - 2 bubbling golden potions (gained 1)
There is an open door here.
You see here 15 arrows.
There is a shadowy altar of Dithmenos here.
A hobgoblin comes into view. It is wielding a +0 club.
The hobgoblin shouts!
You hear a shout! x3
A gnoll comes into view.
The hobgoblin barely misses you.
You hit the hobgoblin.
The hobgoblin is almost dead.
The hobgoblin hits you with a +0 club.
You slash the hobgoblin!
You kill the hobgoblin!
Trog accepts your kill.
A hobgoblin comes into view.
You see here a +0 club.
You closely miss the gnoll. The gnoll barely misses you.
A gnoll comes into view. It is wielding a +0 spear.
You closely miss the gnoll. The gnoll hits you.
You take 3 damage, and have 13/40 hp.
You hit the gnoll but do no damage. The gnoll hits you!
* * * LOW HITPOINT WARNING * * *
You take 5 damage, and have 8/40 hp.
You slash the gnoll!
The gnoll is heavily wounded.
The gnoll hits you but does no damage.
The gnoll hits you from afar with a +0 spear!
* * * LOW HITPOINT WARNING * * *
The gnoll hits you!
You die...

.......# , .......# *
#.... , ...>...# #.#.#.#
, , ,
###'#............#.#.###
###.#*.#####.#..........
, #.#.#* # #.#.#.# .<..#
#.#.# #.#.#g###...##
#.#.########.#.#g.......#
#...............@.g.....#
#.#.########..########..#
#.#.........#.#......†..#
#............_..######.##
#############.### #.#
...............# #.#
################ #.# #.#
#.#


You could see 2 gnolls and a hobgoblin.

Vanquished Creatures
  A worker ant (D:2)
  3 adders (D:2)
  2 dart slugs (D:1)
  2 leopard geckos (D:1)
  A giant cockroach (D:1)
  3 goblins (D:2)
  3 hobgoblins
  2 jackals (D:1)
  5 kobolds
  2 bats (D:1)
  3 frilled lizards
  3 rats
30 creatures vanquished.

Notes
Turn   | Place    | Note
-------+----------+-------------------------------------------
     0 | D:1      | Irenicus the Deep Dwarf Berserker began the quest for the
                  | Orb.
     0 | D:1      | Reached XP level 1. HP: 20/20 MP: 1/1
    91 | D:1      | Reached skill level 4 in Axes
    91 | D:1      | Reached XP level 2. HP: 25/27 MP: 2/2
   244 | D:2      | Reached XP level 3. HP: 19/33 MP: 3/3
   249 | D:2      | Found a shimmering altar of Xom.
   254 | D:2      | Found a radiant altar of Vehumet.
   260 | D:2      | Found a white marble altar of Elyvilon.
   302 | D:2      | Reached skill level 5 in Axes
   346 | D:2      | HP: 8/33 [goblin (2)]
   352 | D:2      | HP: 4/33 [hobgoblin (1)]
   358 | D:2      | Reached ** piety under Trog
   404 | D:2      | Found a shadowy altar of Dithmenos.
   450 | D:1      | Reached XP level 4. HP: 21/40 MP: 4/4
   734 | D:2      | HP: 8/40 [gnoll (5)]
   735 | D:2      | HP: 3/40 [gnoll/+0 spear (5)]
   735 | D:2      | Slain by a gnoll

Illustrated notes

Levels and vault maps discovered:
D:1:      scummos_arrival_forest, layout_basic
D:2:      layout_basic, lemuel_crystal_altar, minitemple

Skill      XL: |  1  2  3 |
---------------+----------+-----
Axes           | 4 5 |  5.6
Fighting       | |  2.6
Armour         | |  2.1
Dodging        | |  2.1

Action                   |  1- 3 |  4- 6 || total
-------------------------+-------+-------++-------
Melee: Hand axe          |    89 |    16 ||   105
Invok: Berserk           |     5 |       ||     5
       Trog's Hand       |     1 |       ||     1
  Use: Scroll            |       |     1 ||     1
Armor: Animal skin       |    18 |     1 ||    19
Dodge: Dodged            |    63 |     6 ||    69

Table legend: (Time is in decaauts)
 A = Elapsed time spent in this place.
 B = Non-inter-level travel time spent in this place.
 C = Inter-level travel time spent in this place.
 D = Time resting spent in this place.
 E = Time spent auto-exploring this place.
 F = Levels seen in this place.
 G = Mean time per level.
                   A        B        C        D        E       F      G
               +--------+--------+--------+--------+--------+-----+--------+
         Total |    791 |    791 |      0 |      0 |     93 |   2 |  395.5 |
       Dungeon |    791 |    791 |      0 |      0 |     93 |   2 |  395.5 |
               +--------+--------+--------+--------+--------+-----+--------+

Top non-repeatable levels by time:
     D:1: 419 daAuts
     D:2: 372 daAuts

Table legend:
 A = Kills in this place as a percentage of kills in entire the game.
 B = Kills by you in this place as a percentage of kills by you in the entire game.
 C = Kills by friends in this place as a percentage of kills by friends in the entire game.
 D = Other kills in this place as a percentage of other kills in the entire game.
 E = Experience gained in this place as a percentage of experience gained in the entire game.
 F = Experience gained in this place divided by the number of levels of this place that you have seen.
                   A       B       C       D       E      F
               +-------+-------+-------+-------+-------+----------------------
         Total | 100.0 | 100.0 |   N/A |   N/A | 100.0 |  59.5
       Dungeon | 100.0 | 100.0 |   N/A |   N/A | 100.0 |  59.5
               +-------+-------+-------+-------+-------+----------------------
